Map: Ephemeron LE

Players

ViBE - Winner!

  • Race: Zerg Zerg
  • League: Diamond
  • Spawn Location: 11:00

Doomninja

  • Race: Terran Terran
  • League: Diamond
  • Spawn Location: 5:00

VOD

Have the link to the VOD?

Description

Time

  • Played on: Dec. 16, 2019, 1:19 a.m.
  • Length: 15:35
Show
View Real Time Build Order
Export as new Build Order

ViBE Zerg - Winner!

Build Orders: Hatch First 

Get SALT Encoding   

  12  0:01  Drone  
  13  0:13  Overlord  
  13  0:16  Drone  
  14  0:31  Drone x2  
  16  0:35  Drone  
  17  0:54  Hatchery  
  16  0:58  Drone  
  16  1:02  Drone  
  18  1:16  Spawning Pool  
  17  1:18  Extractor  
  17  1:19  Drone  
  17  1:21  Drone  
  18  1:28  Drone  
  19  1:47  Overlord  
  19  2:03  Zergling x4  
  19  2:06  Queen x2  
  19  2:07  Drone  
  26  2:14  Drone  
  27  2:20  Drone  
  27  2:21  Metabolic Boost  
  28  2:28  Drone x2  
  30  2:33  Drone  
  30  2:45  Drone x2  
  31  2:54  Hatchery  
  31  2:56  Drone  
  31  2:57  Drone  
  32  3:01  Queen  
  32  3:04  Overlord  
  34  3:09  Overlord  
  34  3:20  Drone  
  34  3:23  Drone x6  
  41  3:34  Zergling x6  
  44  3:41  Zergling x2  
  44  3:43  Queen  
  44  3:47  Zergling x2  
  48  3:51  Zergling x4  
  48  3:55  Overlord  
  50  3:56  Overlord  
  50  3:58  Overlord  
  50  3:59  Drone  
  51  4:06  Drone  
  51  4:07  Drone x4  
  56  4:16  Drone  
  57  4:18  Lair  
  57  4:21  Baneling Nest, Queen  
  58  4:26  Drone x6  
  64  4:32  Drone x4  
  67  4:48  Drone x7  
  73  5:03  Overlord x5  
  73  5:12  Spore Crawler  
  73  5:13  Hatchery, Spore Crawler  
  70  5:16  Spore Crawler  
  69  5:22  Zergling x8  
  69  5:24  Zergling x4  
  69  5:26  Zergling x2  
  69  5:27  Zergling x4  
  78  5:40  Hydralisk Den  
  78  5:41  Drone  
  78  5:42  Evolution Chamber x2, Drone x6  
  83  5:44  Hatchery  
  83  5:49  Extractor x2  
  79  5:51  Extractor x2  
  75  6:00  Drone x8  
  75  6:04  Drone x3  
  86  6:12  Zerg Ground Armor Level 1  
  86  6:14  Drone x7, Extractor  
  92  6:27  Drone  
  92  6:28  Drone x5  
  92  6:30  Centrifical Hooks  
  98  6:37  Drone, Spore Crawler  
  98  6:38  Drone x4  
  102  6:44  Zerg Melee Weapons Level 1  
  102  6:45  Grooved Spines  
  102  6:52  Drone  
  102  6:53  Drone x6  
  109  7:03  Overlord  
  109  7:04  Overlord x4  
  109  7:06  Hydralisk x5  
  119  7:09  Overseer  
  119  7:20  Hydralisk  
  119  7:21  Hydralisk x5  
  132  7:22  Zergling x2  
  132  7:23  Zergling x2  
  132  7:27  Extractor x2  
  131  7:31  Overlord x3  
  131  7:36  Hatchery  
  130  7:37  Infestation Pit  
  129  7:51  Hydralisk x7  
  129  7:54  Hydralisk  
  129  7:55  Overlord  
  129  7:56  Overlord  
  129  7:57  Zergling x2  
  146  8:00  Zergling x10  
  151  8:07  Overseer  
  151  8:09  Zergling x12  
  151  8:11  Baneling x11  
  151  8:12  Baneling  
  157  8:23  Zergling x8  
  157  8:24  Zergling x12  
  167  8:29  Hive  
  167  8:32  Spire  
  166  8:35  Zergling x10  
  166  8:36  Lurker Den  
  166  8:38  Zergling x6  
  172  8:42  Zergling x2  
  172  8:43  Zergling x8  
  177  8:55  Zergling x18  
  186  9:09  Baneling x7  
  184  9:10  Baneling x10  
  184  9:11  Zergling x28  
  184  9:12  Zergling x4  
  184  9:42  Zerg Ground Armor Level 2  
  184  9:43  Zerg Melee Weapons Level 2  
  173  10:01  Zergling x42  
  173  10:02  Zergling x4  
  173  10:05  Greater Spire  
  196  10:07  Adaptive Talons  
  196  10:08  Adrenal Glands  
  196  10:17  Spine Crawler  
  196  10:19  Spine Crawler  
  196  10:20  Spine Crawler  
  193  10:22  Spine Crawler x2  
  193  10:23  Spine Crawler  
  193  10:25  Spine Crawler  
  193  10:26  Spine Crawler  
  188  10:31  Drone x7  
  188  10:35  Spore Crawler  
  194  10:36  Extractor  
  194  10:37  Spine Crawler x2  
  194  10:38  Drone x9, Extractor  
  194  10:41  Drone  
  200  11:04  Seismic Spines  
  200  11:12  Burrow  
  200  11:39  Zerg Flyer Armor Level 1  
  200  12:00  Zerg Ground Armor Level 3, Zerg Melee Weapons Level 3  
  200  12:10  Baneling x17  
  200  12:11  Baneling x4  
  140  12:31  Zergling x44  
  140  12:32  Zergling x44  
  184  12:46  Zergling x20  
  194  13:04  Zergling x10  
  173  13:18  Zergling x34  
  173  13:19  Zergling x4  
  153  13:49  Zergling x40  
  173  13:56  Muscular Augments  
  174  14:02  Zergling x2  
  174  14:03  Zergling x20  
  185  14:38  Zergling x14  
  185  14:39  Zergling x18  
  185  14:42  Baneling x8  
  185  14:43  Baneling x21  
  185  14:44  Hatchery  
Show
View Real Time Build Order
Export as new Build Order

Doomninja Terran 

Build Orders: Liberator Opening, Reaper Expand, Mech 

Get SALT Encoding   

  12  0:02  SCV  
  13  0:14  SCV  
  13  0:18  Supply Depot  
  14  0:26  SCV  
  15  0:39  SCV  
  15  0:40  Barracks  
  16  0:46  Refinery  
  16  0:52  SCV  
  17  1:04  SCV  
  18  1:16  SCV  
  19  1:28  Orbital Command  
  19  1:30  Reaper  
  20  1:46  Command Center  
  20  1:51  Refinery  
  20  1:53  SCV  
  21  1:58  Supply Depot  
  21  2:02  Marine  
  22  2:11  Factory  
  22  2:14  SCV  
  23  2:23  Marine  
  23  2:26  SCV  
  25  2:38  SCV  
  25  2:39  Supply Depot  
  26  2:51  SCV  
  28  2:58  SCV  
  28  2:59  Factory Tech Lab, Barracks Reactor  
  28  3:02  Starport  
  28  3:03  Widow Mine  
  30  3:08  SCV  
  30  3:10  SCV  
  32  3:22  SCV  
  32  3:23  Orbital Command  
  33  3:29  Liberator  
  33  3:34  SCV  
  34  3:43  Barracks Tech Lab  
  34  3:46  SCV  
  38  3:50  Hellion x2  
  38  3:51  SCV  
  43  3:58  SCV  
  44  4:03  Factory, SCV  
  44  4:06  Marauder  
  47  4:10  SCV  
  47  4:15  SCV  
  49  4:21  Refinery  
  49  4:22  SCV  
  50  4:27  SCV  
  51  4:34  SCV  
  52  4:39  SCV  
  52  4:42  Command Center  
  53  4:51  SCV  
  53  4:52  SCV  
  49  4:53  Hellion x2  
  49  4:56  Liberator  
  51  5:10  Refinery  
  54  5:22  Supply Depot  
  54  5:25  Barracks Reactor  
  54  5:37  Factory  
  54  5:39  Command Center  
  54  5:43  SCV x2, Siege Tank  
  54  5:44  Hellion  
  54  5:49  Hellion  
  62  6:00  Medivac  
  61  6:06  Marine  
  62  6:15  Supply Depot  
  62  6:16  Supply Depot  
  62  6:17  Supply Depot  
  62  6:18  Supply Depot  
  62  6:19  Armory  
  62  6:37  Hellion, Siege Tank, Marine  
  68  6:46  Hellion  
  69  6:48  Factory Tech Lab  
  69  6:59  Hellion  
  69  7:00  Orbital Command  
  71  7:03  SCV x2  
  71  7:04  Engineering Bay  
  71  7:06  Marine x2  
  75  7:15  SCV x2  
  77  7:20  Siege Tank  
  80  7:25  Starport Reactor  
  80  7:26  Marine x2  
  80  7:27  Thor  
  88  7:31  Factory  
  88  7:33  Factory  
  88  7:35  Hellion x2  
  92  7:37  SCV x3  
  92  7:40  Terran Vehicle Weapons Level 1  
  95  7:51  SCV x3  
  95  7:53  Refinery  
  95  7:57  Armory  
  98  8:00  Supply Depot x2  
  98  8:02  Neosteel Armor  
  98  8:03  SCV x2  
  98  8:04  Planetary Fortress, SCV  
  101  8:10  Thor  
  111  8:13  Hellion x3  
  111  8:14  Marine x2  
  111  8:15  SCV  
  111  8:16  SCV x2  
  118  8:28  SCV x2  
  118  8:32  Factory Tech Lab x2  
  124  8:34  Hellion x3  
  124  8:35  Medivac x2  
  130  8:43  SCV x4  
  134  8:55  SCV x2  
  134  9:08  Thor  
  140  9:16  Refinery  
  136  9:21  Thor  
  131  9:42  Hi-Sec Auto Tracking  
  129  9:54  Terran Vehicle Weapons Level 2  
  129  9:55  Terran Vehicle And Ship Armor Level 1  
  129  9:56  Siege Tank  
  129  9:58  Siege Tank  
  124  10:04  SCV  
  125  10:09  Factory  
  125  10:26  Command Center  
  125  10:28  Command Center  
  125  10:31  Supply Depot  
  125  10:33  Supply Depot x2  
  125  10:53  SCV, Hellion x2  
  125  10:54  SCV x2, Siege Tank x2  
  125  10:55  Hellion  
  143  11:05  SCV  
  143  11:06  SCV  
  143  11:09  Medivac x2  
  149  11:14  Supply Depot  
  149  11:15  Supply Depot  
  149  11:16  Siege Tank  
  149  11:17  Factory Tech Lab  
  152  11:22  Hellion x2  
  156  11:26  Thor, Siege Tank  
  165  11:32  Command Center  
  165  11:37  Command Center  
  165  11:41  Siege Tank  
  165  11:44  Hellion x2  
  172  11:48  Hellion  
  170  11:58  Siege Tank  
  172  12:03  Command Center  
  171  12:09  Siege Tank  
  172  12:20  Hellion x4  
  113  12:31  Hellion  
  113  12:35  Planetary Fortress  
  115  12:41  Hellion, Siege Tank x2  
  123  12:44  Marine x2  
  123  12:45  Siege Tank  
  123  12:51  Command Center x2  
  128  12:52  Siege Tank, Command Center  
  128  12:54  Command Center  
  128  12:56  SCV x3  
  134  13:08  SCV x3  
  126  13:13  Siege Tank x2  
  126  13:17  Siege Tank  
  126  13:19  Hellion x2  
  112  13:24  Siege Tank  
  89  13:40  Hellion  
  76  13:45  Siege Tank x2  
  78  13:58  Thor x2  
  85  14:25  Hellion x4  
  81  15:06  Hellion x2  
  81  15:07  Hellion x3  
Tags
 
Add a new tag
Caveats
  • Supply blocks, unpowered buildings, or Contaminate may cause inaccurate times.
  • Supply counts are checked every 10 seconds.